 Dungeon Crawl Stone Soup version 0.17.1-2-g5865329 (webtiles) character file.

842 Opium the Sneak (level 8, -13/44 HPs)
             Began as a Kobold Enchanter on Jan 23, 2016.
             Was an Initiate of Dithmenos.
             Mangled by Menkaure (22 damage)
             ... on level 5 of the Dungeon.
             The game lasted 00:31:36 (5590 turns).

Opium the Sneak (Kobold Enchanter)                  Turns: 5590, Time: 00:31:36

Health: -13/44     AC:  5    Str:  7    XL:     8   Next: 20%
Magic:  11/13      EV: 18    Int: 13    God:    Dithmenos [......]
Gold:   139        SH:  0    Dex: 18    Spells: 5 memorised, 2 levels left

rFire  . . .     SeeInvis +     n - +5 dagger
rCold  . . .     Clarity  .     b - +1 robe
rNeg   . . .     SustAt   .     (shield restricted)
rPois  .         Gourm    .     (no helmet)
rElec  .         Spirit   .     (no cloak)
rCorr  .         Warding  .     m - +0 pair of gloves
rMut   .         Stasis   .     r - +0 pair of boots
MR     .....                    (no amulet)
Stlth  ++++......               (no ring)
                                q - ring of see invisible

@: not resistant to hostile enchantments, stealthy
A: carnivore 3
a: Renounce Religion


You were on level 5 of the Dungeon.
You worshipped Dithmenos.
Dithmenos was noncommittal.
You were not hungry.

You visited 2 branches of the dungeon, and saw 6 of its levels.

You collected 139 gold pieces.

Inventory:

Hand Weapons
 a - a +1 dagger
 n - a +5 dagger (weapon)
Missiles
 f - 38 poisoned needles
 l - 45 stones
 p - 4 tomahawks (quivered)
Armour
 b - a +1 robe (worn)
 m - a +0 pair of gloves (worn)
 r - a +0 pair of boots (worn)
Jewellery
 q - a ring of see invisible (left hand)
Scrolls
 g - a scroll of immolation {unknown}
 h - 3 scrolls of identify {unknown}
 j - a scroll of recharging {unknown}
 k - a scroll of noise {unknown}
 t - a scroll of blinking {unknown}
 u - a scroll of remove curse
 w - 2 scrolls of teleportation {unknown}
Potions
 d - a potion of curing
 o - a potion of heal wounds {unknown}
 s - 2 potions of mutation {unknown}
 v - a potion of might {unknown}
Books
 c - a book of Maledictions

   Spells                             Type                      Level
   a - Corona                         Hexes                        1
   b - Ensorcelled Hibernation        Hexes/Ice                    2
   c - Confuse                        Hexes                        3
   d - Tukima's Dance                 Hexes                        3
   e - Dazzling Spray                 Conjuration/Hexes            3
Comestibles
 i - 3 meat rations


   Skills:
 * Level 2.0 Fighting
 * Level 4.0 Short Blades
 + Level 1.6 Throwing
 * Level 5.0 Dodging
 * Level 7.2 Stealth
 * Level 3.6 Spellcasting
 * Level 4.4 Hexes
 + Level 1.3 Ice Magic


You had 2 spell levels left.
You knew the following spells:

 Your Spells              Type           Power        Failure   Level  Hunger
a - Corona                Hex            ##.....      4%          1    #......
b - Ensorcelled Hibernat  Hex/Ice        #.....       12%         2    ##.....
c - Tukima's Dance        Hex            ##......     12%         3    ###....
d - Confuse               Hex            ##......     12%         3    ###....
e - Dazzling Spray        Conj/Hex       #.......     28%         3    ###....


Dungeon Overview and Level Annotations

Branches:
Dungeon (5/15)             Temple (1/1) D:4

Altars:
Ashenzari
Cheibriados
Dithmenos
Elyvilon
Fedhas
Gozag
Kikubaaqudgha
Makhleb
Nemelex Xobeh
Okawaru
Qazlal
Ru
Trog
Vehumet
Xom
Yredelemnul
Zin
The Shining One

Annotations:
D:5 Grinder, Menkaure


Innate Abilities, Weirdness & Mutations

You are small and have problems with some larger weapons.
You are carnivorous and can eat meat at any time.


Message History

Read which item? (? for menu, Esc to quit)
As you read the scroll labeled KOCLIKHIBIY, it crumbles to dust.
It is a scroll of enchant weapon.
Enchant which weapon? (? for menu, Esc to quit)
Your +4 dagger glows red for a moment.
The orc wizard hits you.
* * * LOW HITPOINT WARNING * * *
The orc hits you with a dagger.
* * * LOW HITPOINT WARNING * * *
Menkaure barely misses you.
You hit the orc wizard.
You kill the orc wizard!
Dithmenos accepts your kill. The orc closely misses you.
Menkaure completely misses you.
You see here a jackal corpse.
The orc hits you but does no damage.
You barely miss the orc.
The orc is moderately wounded.
Menkaure hits you!!
Ouch! That really hurt!
You die...

.................Y..
....................
....................
...................(
$#..#(##(....†......
#....[.....(....
#####.........##
#.o.##...####
#@#.##...#
#.M.###### #####


You could see Menkaure and an orc.

Vanquished Creatures
  4 ogres (D:4)
  A centaur (D:4)
  2 crimson imps
  4 orc wizards
  An iguana (D:4)
  A hound skeleton (D:4)
  5 adders
  2 worms (D:3)
  3 giant geckos
  9 orcs
  7 bats
  4 giant cockroaches
  7 goblins
  9 hobgoblins
  6 jackals
  8 kobolds
  2 ball pythons
  A ball python skeleton (D:4)
  6 giant newts
  2 quokkas
  8 rats
92 creatures vanquished.

Vanquished Creatures (collateral kills)
  2 ogres
2 creatures vanquished.

Vanquished Creatures (others)
  A dancing weapon (D:5)
1 creature vanquished.

Grand Total: 95 creatures vanquished

Notes
Turn   | Place    | Note
--------------------------------------------------------------
     0 | D:1      | Opium the Kobold Enchanter began the quest for the Orb.
     0 | D:1      | Reached XP level 1. HP: 10/10 MP: 3/3
   294 | D:1      | Reached XP level 2. HP: 15/15 MP: 5/5
   512 | D:1      | Learned a level 2 spell: Ensorcelled Hibernation
   795 | D:1      | Reached XP level 3. HP: 19/19 MP: 6/6
  1127 | D:2      | Found a radiant altar of Vehumet.
  1187 | D:2      | Found a shimmering altar of Xom.
  1195 | D:2      | Found a bloodstained altar of Trog.
  1447 | D:2      | Reached skill level 5 in Stealth
  1447 | D:2      | Reached XP level 4. HP: 15/24 MP: 7/7
  2214 | D:3      | Found a sacrificial altar of Ru.
  2909 | D:3      | Reached XP level 5. HP: 21/28 MP: 8/8
  3319 | D:4      | HP: 1/28 [something (3)]
  3627 | D:4      | Reached skill level 1 in Fighting
  3627 | D:4      | Reached skill level 1 in Ice Magic
  3627 | D:4      | Reached XP level 6. HP: 26/34 MP: 5/9
  3738 | D:4      | Found a stormy altar of Qazlal.
  3738 | D:4      | Noticed a water elemental
  3748 | D:4      | Noticed an air elemental
  3749 | D:4      | Noticed a fire elemental
  3755 | D:4      | Found a staircase to the Ecumenical Temple.
  3773 | Temple   | Entered the Ecumenical Temple
  4039 | Temple   | Became a worshipper of Dithmenos the Shadowed
  4175 | D:4      | Noticed an ogre
  4182 | D:4      | Learned a level 3 spell: Tukima's Dance
  4206 | D:4      | Killed an ogre
  4206 | D:4      | Reached skill level 6 in Stealth
  4266 | D:4      | Noticed an ogre
  4290 | D:4      | Killed an ogre
  4443 | D:4      | Found a burning altar of Makhleb.
  4535 | D:4      | Noticed an ogre
  4550 | D:4      | Killed an ogre
  4550 | D:4      | Reached skill level 1 in Throwing
  4550 | D:4      | Reached XP level 7. HP: 38/38 MP: 8/11
  4738 | D:5      | Entered Level 5 of the Dungeon
  4789 | D:5      | Noticed Grinder
  4798 | D:5      | Paralysed by Grinder for 3 turns
  5249 | D:4      | Reached skill level 7 in Stealth
  5333 | D:4      | Reached XP level 8. HP: 19/44 MP: 10/13
  5340 | D:4      | Learned a level 3 spell: Confuse
  5344 | D:4      | Learned a level 3 spell: Dazzling Spray
  5480 | D:4      | Reached skill level 5 in Dodging
  5565 | D:5      | Noticed Menkaure
  5590 | D:5      | Mangled by Menkaure

Action                   |  1- 3 |  4- 6 |  7- 9 || total
-------------------------+-------+-------+-------++-------
Melee: Dagger            |   103 |   150 |    61 ||   314
Throw: Stone             |       |    45 |       ||    45
       Tomahawk          |       |    19 |    19 ||    38
 Cast: Corona            |     3 |     8 |     2 ||    13
       Ensorcelled Hiber |     1 |    10 |     4 ||    15
       Tukima's Dance    |       |     3 |     4 ||     7
  Use: Potion            |     2 |     1 |       ||     3
       Scroll            |       |     1 |     1 ||     2
 Stab: Sleeping          |    12 |    11 |     6 ||    29
       Distracted        |       |       |     2 ||     2
  Eat: Chunk             |     5 |     9 |       ||    14
       Meat ration       |     1 |       |       ||     1
